 Dungeon Crawl Stone Soup version 0.31.0-32-g396128a36d (webtiles) character file.

Game seed: 9690452594883275330

39 BigDaddyOpFi the Trooper (level 3, -2/33 HPs)
             Began as a Hill Orc Fighter on Mar 22, 2024.
             Slain by a gnoll
             ... wielding a +0 flail
              (8 damage)
             ... on level 2 of the Dungeon.
             The game lasted 00:00:41 (775 turns).

BigDaddyOpFi the Trooper (Hill Orc Fighter)          Turns: 775, Time: 00:00:41

Health: -2/33      AC: 11    Str: 20    XL:     3   Next: 47%
Magic:  3/3        EV:  5    Int:  8    God:
Gold:   50         SH:  4    Dex: 10    Spells: 2/2 levels left

rFire   . . .        a - +0 war axe
rCold   . . .        c - +0 buckler
rNeg    . . .        i - +0 plate armour
rPois   .            (no helmet)
rElec   .            (no cloak)
rCorr   .            (no gloves)
SInv    .            (no boots)
Will    .....        g - amulet of the acrobat Stlth
                     (no ring)
HPRegen 0.25/turn    (no ring)
MPRegen 0.08/turn

%: acrobat
@: mighty
A: no striking features
a: no special abilities


You were on level 2 of the Dungeon.
You visited 1 branch of the dungeon, and saw 2 of its levels.

You collected 50 gold pieces.

Inventory:

Hand Weapons
 a - a +0 war axe (weapon)
Armour
 b - a +0 scale mail
 c - a +0 buckler (worn)
 i - a +0 plate armour (worn)
Jewellery
 g - an amulet of the acrobat (around neck)
Scrolls
 h - a scroll of teleportation {unknown}
 j - a scroll of noise {unknown}
Potions
 d - a potion of might
 e - a potion of invisibility {unknown}
 f - a potion of heal wounds {unknown}


   Skills:
 + Level 4.1 Fighting
 + Level 3.4 Axes
 + Level 3.7 Armour
 + Level 3.7 Shields


You had 2 spell levels left.
You didn't know any spells.
Your spell library contained the following spells:

 Spells                   Type           Power      Damage    Failure   Level
 Summon Small Mammal      Summ           0%         N/A       100%        1
 Call Canine Familiar     Summ           0%         N/A       100%        3
 Summon Blazeheart Golem  Fire/Summ      0%         N/A       100%        4


Dungeon Overview and Level Annotations

Branches:
Dungeon (2/15)

Altars:


Message History

The gnoll is lightly wounded.
You closely miss the gnoll.
The gnoll hits you but does no damage. x2
A ball python comes into view.
The gnoll barely misses you.
You slash the gnoll!
The gnoll is almost dead.
You barely miss the gnoll.
The gnoll hits you but does no damage. x2
The gnoll hits you with a +0 flail.
You hit the gnoll.
You kill the gnoll!
You hit the gnoll.
The gnoll hits you from afar with a +0 spear.
The gnoll hits you with a +0 club. The gnoll barely misses you.
You block the gnoll's attack.
You have reached level 3!
Your experience leads to an increase in your attributes!
Increase (S)trength, (I)ntelligence, or (D)exterity?
You feel stronger. x2
The gnoll attacks as it pursues you! The gnoll hits you with a +0 club.
You feel very mighty all of a sudden. The gnoll hits you but does no damage.
You closely miss the gnoll.
The gnoll is lightly wounded.
The gnoll hits you from afar with a +0 spear.
The gnoll hits you with a +0 club.
You slash the gnoll!
You kill the gnoll!
The gnoll hits you but does no damage.
You closely miss the gnoll. The gnoll barely misses you. x2
You block the gnoll's attack. The gnoll hits you but does no damage.
You closely miss the gnoll.
The gnoll hits you but does no damage. x2
You closely miss the gnoll.
The gnoll hits you from afar with a +0 spear.
* * * LOW HITPOINT WARNING * * *
The gnoll hits you with a +0 flail.
* * * LOW HITPOINT WARNING * * *
You slash the gnoll!
The gnoll is almost dead.
The gnoll hits you but does no damage. x2; The gnoll hits you with a +0 flail!
You die...

#.# #.# ##
#.# ##.#
#.#
##...##.##
.........
#.S..Sg#
..##g#
#.##@#
#.#..#
#.#†[#
#.#..#
###.#..#
#......# ♣
♣♣♣♣.###.##
♣♣. ♣...♣♣
#.#
♣..♣♣♣♣.♣♣♣
#.#


You could see 2 gnolls and a ball python.

Vanquished Creatures
  2 gnolls (D:2)
  2 dart slugs (D:1)
  A bat (D:1)
  2 goblins (D:1)
  A hobgoblin (D:2)
  2 jackals (D:1)
  2 quokkas (D:1)
  A ball python (D:1)
  2 frilled lizards
  2 rats (D:1)
17 creatures vanquished.

Notes
Turn   | Place    | Note
-------+----------+-------------------------------------------
     0 | D:1      | BigDaddyOpFi the Hill Orc Fighter began the quest for the
                  | Orb.
     0 | D:1      | Reached XP level 1. HP: 19/19 MP: 1/1
   125 | D:1      | Reached XP level 2. HP: 27/27 MP: 2/2
   738 | D:2      | Found a faded altar of an unknown god.
   758 | D:2      | Reached skill level 4 in Fighting
   768 | D:2      | Reached XP level 3. HP: 21/33 MP: 3/3
   775 | D:2      | Slain by a gnoll

Illustrated notes

Levels and vault maps discovered:
D:1:      psy_arrival_spokes, layout_basic, corner_web_ring
D:2:      minmay_diamond_boxcup, layout_loops_corners,
          shapermc_ecumenical_altar_totnotflames, nrook_uturn,
          chequers_serial_rivers_room_b, uniq_robin

Skill      XL: |  1  2 |
---------------+-------+-----
Axes           | 3 |  3.4
Fighting       | 4 |  4.1
Armour         | |  3.7
Shields        | |  3.7

Action                     || total
---------------------------++-------
  Melee: War axe           ||    43
    Use: Potion            ||     1
 Armour: Scale mail        ||     8
         Plate armour      ||    25
  Dodge: Dodged            ||    19
  Block: Buckler           ||    10
